 Dungeon Crawl Stone Soup version 0.17.0-56-gd8de76c (console) character file.

62 Kloppie the Digger (level 4, 0/30 HPs)
             Began as a Formicid Earth Elementalist on Dec 5, 2015.
             Killed from afar by Ijyb (6 damage)
             ... with a wand of magic darts
             ... on level 2 of the Dungeon.
             The game lasted 00:04:34 (1902 turns).

Kloppie the Digger (Formicid Earth Elementalist)    Turns: 1902, Time: 00:04:34

Health: 0/30       AC:  2    Str: 12    XL:     4   Next: 28%
Magic:  5/8        EV: 12    Int: 16    God:
Gold:   37         SH:  0    Dex: 11    Spells: 3 memorised, 3 levels left

rFire  . . .     SeeInvis +     b - 42 stones
rCold  . . .     Clarity  .     e - +0 robe
rNeg   . . .     SustAt   .     (no shield)
rPois  .         Gourm    .     (helmet unavailable)
rElec  .         Spirit   .     (no cloak)
rCorr  .         Warding  .     (no gloves)
rMut   .         Stasis   +     (no boots)
MR     .....                    (no amulet)
Stlth  ++........               (no ring)
                                (no ring)

@: not resistant to hostile enchantments, unstealthy
A: permanent stasis, dig shafts and tunnels, four strong arms, antennae 3
a: Dig, Shaft Self


You were on level 2 of the Dungeon.
You were not hungry.

You visited 1 branch of the dungeon, and saw 2 of its levels.

You collected 37 gold pieces.

Inventory:

Hand Weapons
 a - a +2 dagger of venom
 l - a cursed -3 whip
Missiles
 b - 42 stones (in hand)
Armour
 e - a +0 robe (worn)
Jewellery
 g - a +4 ring of strength {unknown}
Scrolls
 f - 4 scrolls of identify {unknown}
 m - a scroll of teleportation {unknown}
Potions
 h - a potion of heal wounds {unknown}
 i - a potion of flight {unknown}
 n - a potion of might {unknown}
 o - 2 potions of ambrosia {unknown}
Books
 c - a book of Geomancy

   Spells                             Type                      Level
   a - Sandblast                      Earth                        1
   b - Stoneskin                      Transmutation/Earth          2
   c - Passwall                       Transmutation/Earth          3
   d - Stone Arrow                    Conjuration/Earth            3
   e - Petrify                        Transmutation/Earth          4
   f - Lee's Rapid Deconstruction     Earth                        5
Comestibles
 d - a bread ration
 j - a meat ration
 k - 2 chunks of flesh


   Skills:
 - Level 1.7 Dodging
 - Level 2.4 Stealth
 - Level 3.1 Spellcasting
 + Level 1.0 Conjurations
 - Level 1.1 Transmutations
 + Level 4.8 Earth Magic


You had 3 spell levels left.
You knew the following spells:

 Your Spells              Type           Power        Failure   Level  Hunger
a - Sandblast             Erth           ###...       2%          1    None
b - Stoneskin             Trmt/Erth      ##......     10%         2    ##.....
c - Stone Arrow           Conj/Erth      ##....       17%         3    ###....


Dungeon Overview and Level Annotations

Branches:
Dungeon (2/15)

Altars:
Xom

Annotations:
D:2 Ijyb


Innate Abilities, Weirdness & Mutations

You are under a permanent stasis effect.
You can dig through walls and to a lower floor.
Your four strong arms can wield two-handed weapons with a shield.
You have a pair of large antennae on your head (SInv).


Message History

Aiming: Sandblast
Press: ? - help, Shift-Dir - straight line, f - Ijyb
Aim: Ijyb, wearing a leather armour and carrying a wand of magic darts {zapped: 2} The rocky blast misses Ijyb.
Ijyb hits you but does no damage.
Casting: Sandblast
Confirm with . or Enter, or press ? or * to list all spells.
Aiming: Sandblast
Press: ? - help, Shift-Dir - straight line, f/p - Ijyb
Aim: Ijyb, wearing a leather armour and carrying a wand of magic darts {zapped: 2} The rocky blast hits Ijyb.
Ijyb is lightly wounded.
Ijyb zaps a wand.
The magic dart hits you!
* * * LOW HITPOINT WARNING * * *
Casting: Sandblast
Confirm with . or Enter, or press ? or * to list all spells.
Aiming: Sandblast
Press: ? - help, Shift-Dir - straight line, f/p - Ijyb
Aim: Ijyb, wearing a leather armour and carrying a wand of magic darts {zapped: 3} (lightly wounded)
The rocky blast misses Ijyb.
Ijyb zaps a wand.
The magic dart hits you!
You die...

##### #########...#
#.........#(# #####
#.#####.#...# ....# #.#
##...#@######### #..# #.#
#.....g.......g.
#..###.####...##########.
##..........#.##
........###.#.# .#..#####
#.#.# .#..#######.#+##
......)........##
.##########.....##


You could see Ijyb.

Vanquished Creatures
  An adder (D:2)
  An ooze (D:1)
  A worm (D:2)
  2 giant geckos
  5 bats
  2 giant cockroaches (D:1)
  7 goblins
  6 hobgoblins (D:1)
  3 jackals (D:1)
  2 ball pythons (D:1)
  4 giant newts
  4 kobolds (D:1)
  4 rats
42 creatures vanquished.

Notes
Turn   | Place    | Note
--------------------------------------------------------------
     0 | D:1      | Kloppie the Formicid Earth Elementalist began the quest for the Orb.
     0 | D:1      | Reached XP level 1. HP: 13/13 MP: 3/3
   201 | D:1      | Reached XP level 2. HP: 14/19 MP: 3/5
   229 | D:1      | Reached skill level 4 in Earth Magic
   584 | D:1      | Reached XP level 3. HP: 22/24 MP: 7/7
   863 | D:1      | Learned a level 2 spell: Stoneskin
   867 | D:1      | Learned a level 3 spell: Stone Arrow
  1526 | D:2      | Found a shimmering altar of Xom.
  1531 | D:2      | Reached XP level 4. HP: 30/30 MP: 4/8
  1623 | D:2      | Reached skill level 1 in Conjurations
  1888 | D:2      | Noticed Ijyb
  1902 | D:2      | Killed from afar by Ijyb

Action                   |  1- 3 |  4- 6 || total
-------------------------+-------+-------++-------
Melee: Dagger            |    99 |     8 ||   107
       Unarmed           |     1 |       ||     1
 Cast: Sandblast         |    17 |     9 ||    26
 Stab: Sleeping          |     2 |       ||     2
  Eat: Chunk             |     2 |     1 ||     3
